 Dungeon Crawl Stone Soup version 0.26-a0-682-g294304f6e8 (webtiles) character file.

Game seed: 3277047802845525315

805 lunkers the Frost Mage (level 7, -3/46 HPs)
             Began as a Vampire Ice Elementalist on Oct 21, 2020.
             Shot with an arrow by a centaur (7 damage)
             ... on level 5 of the Dungeon.
             The game lasted 00:06:02 (4330 turns).

lunkers the Frost Mage (Vampire Ice Elementalist)   Turns: 4330, Time: 00:06:03

Health: -3/46      AC: 11    Str:  7    XL:     7   Next: 60%
Magic:  8/14       EV: 12    Int: 20    God:
Gold:   217        SH:  0    Dex: 14    Spells: 8/15 levels left

rFire    . . .     SeeInvis +   n - +0 flail (vorpal)
rCold    . . .     Faith    .   (no shield)
rNeg     + . .     Spirit   .   a - +0 robe
rPois    .         Reflect  .   k - +0 helmet
rElec    .         Harm     .   (no cloak)
rCorr    .         Rampage  .   (no gloves)
MR       .....                  v - +0 pair of boots
Stlth    ++........             (no amulet)
HPRegen  0.35/turn              w - ring of positive energy
MPRegen  0.14/turn              (no ring)

@: icy armour, frozen ramparts, regenerating quickly
A: fangs 3, see invisible, unbreathing
a: Exsanguinate


You were on level 5 of the Dungeon.
You visited 1 branch of the dungeon, and saw 5 of its levels.

You collected 217 gold pieces.

Inventory:

Hand Weapons
 n - a +0 vorpal flail (weapon)
 x - a +0 dagger of protection
Armour
 a - a +0 robe (worn)
 k - a +0 helmet (worn)
 v - a +0 pair of boots (worn)
Jewellery
 w - a ring of positive energy (left hand)
Wands
 t - a wand of flame (25)
Scrolls
 d - a scroll of blinking {unknown}
 e - a scroll of remove curse {unknown}
 f - 4 scrolls of identify {unknown}
 i - 4 scrolls of teleportation {unknown}
 m - a scroll of enchant weapon {unknown}
 o - 4 scrolls of enchant armour {unknown}
 s - 3 scrolls of magic mapping {unknown}
 y - a scroll of fog {unknown}
 A - a scroll of immolation {unknown}
Potions
 b - a potion of flight {unknown}
 c - a potion of berserk rage {unknown}
 g - a potion of resistance {unknown}
 h - a potion of might {unknown}
 j - a potion of mutation {unknown}
 l - a potion of ambrosia {unknown}
 p - a potion of invisibility {unknown}
 q - 3 potions of lignification {unknown}
 r - 2 potions of curing {unknown}
 u - a potion of heal wounds {unknown}
 z - a potion of cancellation {unknown}


   Skills:
 - Level 2.1 Dodging
 - Level 3.0 Stealth
 + Level 4.8 Spellcasting
 * Level 8.1 Ice Magic


You had 8 spell levels left.
You knew the following spells:

 Your Spells              Type           Power        Failure   Level
a - Freeze                Ice            ####         1%          1
b - Frozen Ramparts       Ice            #####.       1%          3
c - Ozocubu's Armour      Ice            #####...     1%          3

Your spell library contained the following spells:

 Spells                   Type           Power        Failure   Level
 Hailstorm                Conj/Ice       ###.....     22%         4
 Summon Ice Beast         Ice/Summ       ###.....     22%         4


Dungeon Overview and Level Annotations

Branches:
Dungeon (5/15)
 Temple: D:4-7

Altars:
Nemelex Xobeh
Ru
Yredelemnul


Innate Abilities, Weirdness & Mutations

Your natural rate of healing is unusually fast.
You have razor-sharp teeth.
You have supernaturally acute eyesight. (SInv)
You can survive without breathing.


Message History

A film of ice covers your body!
The giant cockroach bites you but does no damage.
The wall freezes the centaur.
The centaur shoots an arrow.
The arrow hits you but does no damage.
Unknown command.
You closely miss the giant cockroach.
The wall freezes the centaur.
The centaur shoots an arrow.
The arrow hits you.
* * * LOW HITPOINT WARNING * * *
The giant cockroach waves its antennae.
The giant cockroach barely misses you.
The centaur shoots an arrow.
The arrow hits you.
* * * LOW HITPOINT WARNING * * *
An adder comes into view.
The giant cockroach waves its antennae.
The giant cockroach barely misses you.
The wall freezes the centaur.
The centaur shoots an arrow.
The arrow misses you.
You hit the giant cockroach.
You kill the giant cockroach!
The wall freezes the centaur.
The centaur shoots an arrow.
The arrow hits you!
You die...

.... ######.c....#
....####...##......#
...................#
...................#
...................##
....S.......(.......#
.c....c.(((.........#
..####(#####.......#
.###..@..##.......#
......†....#.......#
..........(#......## ##
...........(+......##...
............#.[.........
......(.....#...........
............#...........
#..#.....###..##..######
###########'########...


You could see a centaur and an adder.

Vanquished Creatures
  A water moccasin (D:3)
  An orc warrior (D:3)
  A sky beast (D:3)
  An ogre (D:4)
  A howler monkey (D:4)
  A hound (D:4)
  2 orc priests
  A worker ant (D:4)
  Terence (D:2)
  An orc wizard (D:4)
  Robin (D:2)
  5 adders
  An ooze (D:1)
  2 adder skeletons (D:4)
  4 worms (D:3)
  2 dart slugs
  14 orcs
  6 giant cockroaches
  17 goblins
  15 hobgoblins
  2 jackals (D:4)
  9 kobolds
  A quokka (D:4)
  5 ball pythons
  11 bats
  5 frilled lizards
  28 rats
139 creatures vanquished.

Notes
Turn   | Place    | Note
-------+----------+-------------------------------------------
     0 | D:1      | lunkers the Vampire Ice Elementalist began the quest for
                  | the Orb.
     0 | D:1      | Reached XP level 1. HP: 13/13 MP: 3/3
   218 | D:1      | Reached XP level 2. HP: 19/19 MP: 3/5
   737 | D:1      | Reached XP level 3. HP: 24/24 MP: 3/6
   889 | D:1      | Learned a level 3 spell: Frozen Ramparts
   893 | D:1      | Learned a level 3 spell: Ozocubu's Armour
  1385 | D:2      | Found a faded altar of an unknown god.
  1409 | D:2      | Reached skill level 5 in Ice Magic
  1508 | D:2      | Noticed Robin
  1527 | D:2      | Reached XP level 4. HP: 30/30 MP: 2/8
  1611 | D:2      | Killed Robin
  1709 | D:2      | Found a sparkling altar of Nemelex Xobeh.
  1745 | D:2      | Noticed Terence
  1754 | D:2      | Killed Terence
  1811 | D:2      | Found a sacrificial altar of Ru.
  2305 | D:3      | Noticed a sky beast
  2311 | D:3      | Reached XP level 5. HP: 35/35 MP: 4/9
  2316 | D:3      | Killed a sky beast
  2316 | D:3      | Reached skill level 6 in Ice Magic
  2425 | D:3      | Noticed an orc warrior
  2433 | D:3      | Reached XP level 6. HP: 21/41 MP: 4/11
  2464 | D:3      | Killed an orc warrior
  2873 | D:3      | Noticed a water moccasin
  2880 | D:3      | Killed a water moccasin
  2880 | D:3      | Reached skill level 7 in Ice Magic
  2957 | D:3      | Found a basalt altar of Yredelemnul.
  2974 | D:3      | Reached XP level 7. HP: 44/46 MP: 10/13
  3605 | D:4      | Reached skill level 8 in Ice Magic
  4260 | D:5      | Entered Level 5 of the Dungeon
  4330 | D:5      | Shot with an arrow by a centaur

Illustrated notes

Levels and vault maps discovered:
D:1:      grunt_arrival_lava_bath, layout_loops_corners, minmay_unequal
D:2:      layout_rooms, lemuel_round_altar, chequers_ecumenical_altar_twisty,
          hangedman_ru_absence, uniq_terence, uniq_robin
D:3:      layout_rooms, lemuel_crystal_altar
D:4:      layout_gridville, minmay_rat_hole
D:5:      layout_gridville, gammafunk_ghost_grave

Skill      XL: |  1  2  3  4  5  6  7 |
---------------+----------------------+-----
Ice Magic      | 5 6 7 8 |  8.1
Spellcasting   | 3 4 |  4.8
Dodging        | |  2.1
Stealth        | |  3.0

Action                   |  1- 3 |  4- 6 |  7- 9 || total
-------------------------+-------+-------+-------++-------
Melee: Unarmed           |    15 |       |       ||    15
       Flail             |       |       |    14 ||    14
       Bite              |       |       |     1 ||     1
 Cast: Freeze            |    58 |    71 |    41 ||   170
       Frozen Ramparts   |     2 |     5 |     6 ||    13
       Ozocubu's Armour  |       |       |     1 ||     1
Armor: Robe              |     8 |    15 |    16 ||    39
Dodge: Dodged            |    48 |    31 |    39 ||   118

Table legend: (Time is in decaauts)
 A = Elapsed time spent in this place.
 B = Non-inter-level travel time spent in this place.
 C = Inter-level travel time spent in this place.
 D = Time resting spent in this place.
 E = Time spent auto-exploring this place.
 F = Levels seen in this place.
 G = Mean time per level.
                   A        B        C        D        E       F      G
               +--------+--------+--------+--------+--------+-----+--------+
         Total |   4336 |   4195 |    141 |     57 |   3360 |   5 |  867.2 |
       Dungeon |   4336 |   4195 |    141 |     57 |   3360 |   5 |  867.2 |
               +--------+--------+--------+--------+--------+-----+--------+

Top non-repeatable levels by time:
     D:1: 1440 daAuts
     D:4: 1183 daAuts
     D:3: 967 daAuts
     D:2: 675 daAuts
     D:5: 69 daAuts
